 Dungeon Sprint DCSS version 0.30-a0-920-g7493c07aab (webtiles) character file.

Game seed: 16392994114510081325

14648 dialectric the Ninja (level 11, -10/65 HPs)
             Began as a Spriggan Brigand on Mar 21, 2023.
             Was a High Priest of Trog.
             Killed from afar by a hell hog (35 damage)
             ... with a fireball
             ... in the Dungeon (Sprint II: "The Violet Keep of Menkaure").
             The game lasted 00:07:25 (776 turns).

dialectric the Ninja (Spriggan Brigand)              Turns: 776, Time: 00:07:26

Health: -10/65     AC:  3    Str:  7    XL:     11   Next: 91%
Magic:  12/12      EV: 37    Int: 12    God:    Trog [*****.]
Gold:   964        SH:  5    Dex: 28    Spells: 10/10 levels left

rFire   . . .      SeeInvis +    a - +2 dagger
rCold   . . .      Faith    .    (no shield)
rNeg    . . .      Spirit   .    b - +0 robe
rPois   .          Reflect  +    (helmet restricted)
rElec   .          Rampage  .    c - +0 cloak
rCorr   .          NoTele   +    (gloves unavailable)
Will    +++..                    (boots unavailable) Stlth *******+++
                                 r - amulet of reflection
HPRegen 1.30/turn                n - +6 ring of dexterity
MPRegen 0.13/turn                w - ring of Shadows {Umbra +Inv Stlth+}

@: lethally poisoned (-10 -> -11), strong-willed, on berserk cooldown,
regenerating, slowed, wreathed by umbra, quick
A: very small, no large weapons, unfitting armour, see invisible, speed 3
a: Renounce Religion, Evoke Invisibility, Berserk, Trog's Hand, Brothers in Arms


You were in the Dungeon.
You worshipped Trog.
Trog was extremely pleased with you.
You visited 1 branch You collected 1979 gold pieces.
You spent 1015 gold pieces at shops.

Inventory:

Hand Weapons
 a - a +2 dagger (weapon)
 x - a +3 quick blade
 y - a +2 antimagic rapier
Armour
 b - a +0 robe (worn)
 c - a +0 cloak (worn)
Jewellery
 n - a +6 ring of dexterity (left hand)
 r - an amulet of reflection (around neck)
 w - the ring of Shadows (right hand) {Umbra +Inv Stlth+}
   (You bought it in a shop in the Dungeon)

   [ring of stealth]

   Umbra:     It surrounds you with an aura of shadow, increasing your stealth
   and reducing the accuracy of all others within it.
   +Inv:      It lets you turn invisible.
   Stlth:     It makes you more stealthy.
Scrolls
 g - 3 scrolls of magic mapping {unknown}
 j - a scroll of poison {unknown}
 k - 2 scrolls of blinking
 m - 7 scrolls of identify {unknown}
 o - 3 scrolls of enchant armour
 v - a scroll of amnesia {unknown}
 A - a scroll of fear
Potions
 f - 9 potions of curing
 h - 2 potions of haste
 i - 5 potions of magic
 l - 8 potions of flight
 p - a potion of mutation {unknown}
 q - 4 potions of heal wounds
 s - a potion of berserk rage
 t - 3 potions of resistance {unknown}
 u - a potion of brilliance {unknown}
 z - a potion of might


   Skills:
 + Level 11.2 Fighting
 + Level 18.3 Short Blades
 - Level 2.7 Throwing
 + Level 15.9 Dodging
 O Level 27 Stealth
 + Level 0.5 Shields


You had 10 spell levels left.
You didn't know any spells.
Your spell library was empty.

Dungeon Overview and Level Annotations

Branches:
Dungeon (1/1)

Altars:
Cheibriados
Dithmenos
Elyvilon
Fedhas
Gozag
Hepliaklqana
Kikubaaqudgha
Makhleb
Nemelex Xobeh
Okawaru
Qazlal
Ru
Sif Muna
Trog
Uskayaw
Vehumet
Wu Jian
Xom
Yredelemnul
Zin
The Shining One
Jiyva
Lugonu

Shops:
D ?=:[*(**=*:===*(?![[*:[(!:(

Annotations:
D exclusion: oklob plant


Innate Abilities, Weirdness & Mutations

You are very small and have problems with some larger weapons.
You are too small for most types of armour.
You have supernaturally acute eyesight. (SInv)
You cover ground extremely quickly. (Speed+++)


Message History

Throw: dart (poison)
Press: ? - help, Q - select action, (/) - cycle Shift-Dir - straight line, f - cane toad
Aim: a cane toad (lightly wounded, umbra, 74% to hit)
You throw a poisoned dart.
The poisoned dart barely misses the cane toad.
You hear a splash.
The cane toad misses you.
Unknown command.
You see here a polar bear skeleton.
Your skin crawls.
You feel strong-willed. The cane toad closely misses you.
You block the cane toad's attack.
Unknown command.
Unknown command.
Your cyclops goes berserk!
The cane toad stings you!
You are poisoned.
The cane toad poisons you! The cane toad completely misses you.
You hit the cane toad.
The cane toad is moderately wounded.
You feel very sick. The cane toad misses you.
Unknown command.
You hit the cane toad.
The cane toad is heavily wounded.
You feel very sick.
Your cyclops hits the cane toad but does no damage.
The cane toad completely misses you.
You hit the cane toad.
The cane toad is heavily wounded.
You feel sick.
Your cyclops hits the cane toad!!
The cane toad dies!
Trog accepts your kill.
You feel sick.
You see here a cane toad corpse.
You feel sick. The hell hog breathes fire at you.
The fireball explodes!
The fireball engulfs you!!
Ouch! That really hurt!
You die...

.....#..'....#..#°}▓..).....▓▓
'##..#.[####.#.†#○)▓..).)...▓▓
..##.####..'.##.#[|▓(..)[...▓▓
#..#....#..#h..####▓(....).[▓▓
..####..#####..##.#▓[.......▓▓
†###.##..#..'..#..#▓.)(((.(.▓▓
.####)#..#..#..#÷C#▓)..[..)[▓▓
<.'.##†..####..##†#▓.(...).)▓▓
.##...#....###^.@##▓▓▓▓▓▓▓'▓▓▓▓+▓
†###.##§.....~~(~hx~~~~§~~..─Xw≈▓
#.####§(.....~#'########'###.ww≈▓
#..#~~§~§~§§.§#_._.....#~~~##≈≈≈▓
#.##~~§~§~§§.~#._._....#§~§§####▓
'##~~(§≈§~§~(~#_._._...#§§~§≈#
~~~~~~§§§§§~~~#._._._..#~~§§§§#
#+++#~≈§§§≈≈≈~#_._._._.#~§~§~≈+
SS≈§##§≈≈###≈≈#._._._._#§§S§≈


You could see a hell hog (catching breath), an unseen horror (wandering,
invisible) and a friendly cyclops (summoned, berserk).

Vanquished Creatures
  A deep elf master archer (D)
  Kirke (D)
  A fire dragon (D)
  A crystal guardian (D)
  A yaktaur captain (D)
  A centaur warrior (D)
  2 boulder beetles (D)
  An iron elemental (D)
  A death yak (D)
  2 death drakes (D)
  A skeletal warrior (D)
  3 shining eyes (D)
  A merfolk siren (D)
  An elephant (D)
  A cane toad (D)
  An unseen horror (D)
  A yaktaur (D)
  A kobold demonologist (D)
  4 polar bears (D)
  A blink frog (D)
  A hornet (D)
  3 yaks (D)
  2 redbacks (D)
  Menkaure (D)
  5 water moccasins (D)
  2 swamp drakes (D)
  A necrophage (D)
  4 scorpions (D)
  An electric eel (D)
  An iron imp (D)
  3 worms (D)
  2 spectral giant cockroaches (D)
53 creatures vanquished.

Vanquished Creatures (collateral kills)
  A cane toad (D)
1 creature vanquished.

Vanquished Creatures (others)
  A wyvern (D)
  A slime creature (D)
  4 tentacles (D)
6 creatures vanquished.

Grand Total: 60 creatures vanquished

Notes
Turn   | Place    | Note
-------+----------+-------------------------------------------
     0 | D        | dialectric the Spriggan Brigand began the quest for the
                  | Orb.
     0 | D        | Reached XP level 1. HP: 10/10 MP: 2/2
     1 | D        | Noticed a scorpion
     1 | D        | Noticed a scorpion
     3 | D        | Noticed a scorpion
     3 | D        | Noticed a scorpion
     4 | D        | Killed a scorpion
     5 | D        | Reached skill level 11 in Stealth
     5 | D        | Reached XP level 2. HP: 15/15 MP: 3/3
     5 | D        | Reached XP level 3. HP: 18/18 MP: 4/4
     5 | D        | Killed a scorpion
     6 | D        | Reached skill level 13 in Stealth
     6 | D        | Reached XP level 4. HP: 23/23 MP: 5/5
     7 | D        | Killed a scorpion
     8 | D        | Reached skill level 15 in Stealth
     8 | D        | Reached XP level 5. HP: 22/28 MP: 6/6
    12 | D        | Reached skill level 16 in Stealth
    12 | D        | Found Yphitt's Weapon Shop.
    21 | D        | Noticed a boulder beetle
    21 | D        | Noticed a boulder beetle
    52 | D        | Noticed a merfolk siren
    55 | D        | Killed a merfolk siren
    56 | D        | Reached skill level 20 in Stealth
    56 | D        | Reached XP level 6. HP: 25/33 MP: 7/7
    56 | D        | Reached XP level 7. HP: 28/37 MP: 8/8
    59 | D        | Noticed an orange crystal statue
    61 | D        | Noticed Menkaure
    63 | D        | Killed Menkaure
    64 | D        | Reached skill level 21 in Stealth
    85 | D        | Found an iron altar of Okawaru.
    85 | D        | Found a radiant altar of Vehumet.
    86 | D        | Found a sparkling altar of Nemelex Xobeh.
    86 | D        | Found a hide-covered altar of Uskayaw.
    86 | D        | Found a glowing silver altar of Zin.
    87 | D        | Found an opulent altar of Gozag.
    87 | D        | Found a burning altar of Makhleb.
    87 | D        | Found a bloodstained altar of Trog.
    88 | D        | Found a blossoming altar of Fedhas.
    88 | D        | Found a corrupted altar of Lugonu.
    88 | D        | Found a basalt altar of Yredelemnul.
    88 | D        | Found a shimmering blue altar of Sif Muna.
    89 | D        | Found a white marble altar of Elyvilon.
    89 | D        | Found an ancient bone altar of Kikubaaqudgha.
    90 | D        | Found a shadowy altar of Dithmenos.
    90 | D        | Found a viscous altar of Jiyva.
    90 | D        | Found a shimmering altar of Xom.
    90 | D        | Found a sacrificial altar of Ru.
    91 | D        | Found a snail-covered altar of Cheibriados.
    93 | D        | Found a hazy altar of Hepliaklqana.
    95 | D        | Found a glowing golden altar of the Shining One.
    95 | D        | Found an ornate altar of the Wu Jian Council.
    95 | D        | Found a stormy altar of Qazlal.
   100 | D        | Became a worshipper of Trog the Wrathful
   110 | D        | Noticed a yak
   111 | D        | Noticed a yak
   111 | D        | Noticed a yak
   112 | D        | Killed a yak
   113 | D        | Reached skill level 22 in Stealth
   113 | D        | Killed a yak
   114 | D        | Reached skill level 23 in Stealth
   114 | D        | Reached XP level 8. HP: 42/42 MP: 9/9
   115 | D        | Reached * piety under Trog
   122 | D        | Noticed an iron elemental
   124 | D        | Killed an iron elemental
   125 | D        | Reached skill level 25 in Stealth
   134 | D        | Noticed a deep elf master archer
   151 | D        | Reached ** piety under Trog
   165 | D        | Noticed a yaktaur
   165 | D        | Noticed a hornet
   165 | D        | Noticed a polar bear
   166 | D        | Noticed a polar bear
   166 | D        | Noticed a polar bear
   167 | D        | Killed a polar bear
   168 | D        | Reached skill level 5 in Fighting
   168 | D        | Reached skill level 26 in Stealth
   168 | D        | Reached XP level 9. HP: 47/47 MP: 10/10
   168 | D        | Killed a polar bear
   170 | D        | Reached *** piety under Trog
   171 | D        | Killed a polar bear
   172 | D        | Reached skill level 5 in Dodging
   172 | D        | Reached skill level 27 in Stealth
   181 | D        | Killed a yaktaur
   197 | D        | Noticed a kraken
   217 | D        | Found the +8 arc blade {discharge, rElec}
   219 | D        | Found the +2 hood of the Assassin {Detect Stab+ Stlth++}
   318 | D        | Noticed a death drake
   325 | D        | Noticed a death drake
   325 | D        | Noticed a crystal guardian
   327 | D        | Reached skill level 10 in Short Blades
   328 | D        | Killed a crystal guardian
   328 | D        | Reached **** piety under Trog
   329 | D        | Killed a death drake
   330 | D        | Reached XP level 10. HP: 53/53 MP: 11/11
   331 | D        | Killed a death drake
   349 | D        | Killed a deep elf master archer
   349 | D        | Reached ***** piety under Trog
   350 | D        | Reached skill level 10 in Dodging
   352 | D        | Noticed a cane toad
   353 | D        | Noticed a hell hog
   353 | D        | Noticed a hell hog
   353 | D        | Noticed a cane toad
   386 | D        | Found Zibreloh's Antique Armour Shop.
   387 | D        | Found Zosinurph's Antique Armour Boutique.
   387 | D        | Found Gafajaf's Distillery.
   387 | D        | Found Rorrar's Magic Scroll Boutique.
   388 | D        | Found Yczen's Distillery.
   388 | D        | Found Niege's Antique Weapon Shop.
   388 | D        | Found Mievaupp's Jewellery Boutique.
   388 | D        | Found Izxin's Jewellery Shop.
   388 | D        | Found Cyffer's Jewellery Boutique.
   389 | D        | Found Unoxiwn's Book Boutique.
   389 | D        | Found Xiulapp's Antique Armour Shop.
   389 | D        | Found Netetiso's Jewellery Shop.
   389 | D        | Found Kufemp's General Store.
   403 | D        | Noticed an ice dragon
   403 | D        | Noticed an oklob plant
   404 | D        | Found Huasur's Book Shoppe.
   416 | D        | Noticed a manticore
   416 | D        | Noticed a manticore
   417 | D        | Bought the ring of Shadows {Umbra +Inv Stlth+} for 440 gold
                  | pieces
   417 | D        | Found the ring of Shadows {Umbra +Inv Stlth+}
   429 | D        | Bought 2 potions of heal wounds for 100 gold pieces
   429 | D        | Bought a potion of curing for 30 gold pieces
   429 | D        | Bought a potion of curing for 30 gold pieces
   460 | D        | Bought a potion of invisibility for 80 gold pieces
   460 | D        | Bought a potion of might for 40 gold pieces
   474 | D        | Noticed an elephant
   474 | D        | Noticed a centaur warrior
   474 | D        | Noticed Kirke
   474 | D        | Noticed a yaktaur captain
   474 | D        | Noticed a skeletal warrior
   476 | D        | Killed a skeletal warrior
   478 | D        | Killed Kirke
   478 | D        | Received a gift from Trog
   479 | D        | Reached skill level 15 in Short Blades
   479 | D        | Killed a yaktaur captain
   480 | D        | Reached XP level 11. HP: 62/62 MP: 12/12
   482 | D        | Killed a centaur warrior
   490 | D        | Received a gift from Trog
   497 | D        | Noticed a death yak
   497 | D        | Noticed a fire dragon
   497 | D        | Noticed a shining eye
   498 | D        | Noticed a shining eye
   498 | D        | Noticed a shining eye
   500 | D        | Killed a shining eye
   501 | D        | Reached skill level 10 in Fighting
   501 | D        | Killed a shining eye
   504 | D        | Killed a fire dragon
   506 | D        | Killed a death yak
   506 | D        | Reached ****** piety under Trog
   506 | D        | Received a gift from Trog
   509 | D        | Killed a shining eye
   562 | D        | Found Tickof's Magic Scroll Emporium.
   562 | D        | Found Odeop's Jewellery Shop.
   563 | D        | Found Numneu Ytruw's Antique Armour Shop.
   563 | D        | Found Fyet's Weapon Shoppe.
   563 | D        | Found Kusoz's General Store.
   563 | D        | Found Asit's Assorted Antiques.
   563 | D        | Found Hoss's General Store.
   563 | D        | Found Secutwyug's General Store.
   563 | D        | Found Todd's General Store.
   563 | D        | Found Sossiora's Book Emporium.
   563 | D        | Found Esuerosyrgh's Weapon Shop.
   563 | D        | Found Lecol's Book Shoppe.
   565 | D        | Bought a scroll of fear for 48 gold pieces
   565 | D        | Bought a scroll of enchant armour for 90 gold pieces
   568 | D        | Bought a scroll of enchant armour for 82 gold pieces
   570 | D        | Bought a scroll of blinking for 75 gold pieces
   693 | D        | Killed a boulder beetle
   694 | D        | Reached skill level 15 in Dodging
   702 | D        | Killed a boulder beetle
   749 | D        | Received a gift from Trog
   776 | D        | Killed from afar by a hell hog

Illustrated notes

Levels and vault maps discovered:
D:        the_violet_keep_of_menkaure [sprint2_stairs_cluster_1,
          sprint2_shoproom, sprint2_temple, sprint2_basic_supplies,
          sprint2_obstacle_7, sprint2_obstacle_6, sprint2_obstacle_4,
          sprint2_obstacle_1, sprint2_obstacle_3, sprint2_timed_cluster_1,
          sprint2_smallroom_cluster_1, sprint2_smallroom_final_cluster_1,
          sprint2_transparent_cluster_1, sprint2_second_timed_cluster_1,
          sprint2_sniper_area_1, sprint2_heavy_combat_area_1,
          sprint2_mutation_trap_area_1, sprint2_forest_area_1,
          sprint2_light_combat_area_1, sprint2_behind_water_1,
          sprint2_near_end_vault_1]

Skill      XL: |  1  2  3  4  5  6  7  8  9 10 11 |
---------------+----------------------------------+-----
Fighting       | 2 3 4 5 6 9 11 | 11.2
Short Blades   | 3 4 6 7 8 11 15 18 | 18.3
Stealth        | 11 13 15 20 23 26 27 | 27.0
Dodging        | 2 3 4 8 12 15 | 15.9
Throwing       | |  2.7
Shields        | |  0.5

Action                     |  1- 3 |  4- 6 |  7- 9 | 10-12 || total
---------------------------+-------+-------+-------+-------++-------
  Melee: Dagger            |     2 |     6 |    27 |    76 ||   111
  Throw: Dart              |       |     4 |     3 |    17 ||    24
 Invoke: Berserk           |       |       |       |     1 ||     1
         Trog's Hand       |       |       |       |     1 ||     1
         Brothers in Arms  |       |       |       |     1 ||     1
    Use: Potion            |       |       |     3 |     3 ||     6
   Stab: Sleeping          |     2 |     3 |    13 |    24 ||    42
         Distracted        |       |       |     1 |     2 ||     3
 Armour: Robe              |       |       |     5 |       ||     5
  Dodge: Dodged            |       |     1 |     8 |    38 ||    47
  Block: Other             |       |       |       |     6 ||     6

Table legend: (Time is in decaauts)
 A = Elapsed time spent in this place.
 B = Non-inter-level travel time spent in this place.
 C = Inter-level travel time spent in this place.
 D = Time resting spent in this place.
 E = Time spent auto-exploring this place.
 F = Levels seen in this place.
 G = Mean time per level.
                   A        B        C        D        E       F      G
               +--------+--------+--------+--------+--------+-----+--------+
         Total |    535 |    535 |      0 |      0 |     31 |   1 |  535.0 |
       Dungeon |    535 |    535 |      0 |      0 |     31 |   1 |  535.0 |
               +--------+--------+--------+--------+--------+-----+--------+

Top non-repeatable levels by time:
       D: 535 daAuts
